St.Louis Blues vs Tampa Bay Lightning
(R1)
Created - Wednesday, December 18, 2024 at 08:49
Goals
|
| St.Louis Blues |
1 |
2 |
2 |
5 |
| Tampa Bay Lightning |
0 |
2 |
1 |
3 |
|
Shots
|
| St.Louis Blues |
8 |
12 |
13 |
33 |
| Tampa Bay Lightning |
8 |
18 |
9 |
35 |
|
1st period
1. St.Louis Blues , Alex Tuch 2 (Mark Stone 3, Claude Giroux 2) at 8:20
Penalties :
Moritz Seider (TBL) for Slashing (Minor) at 2:50, Travis Konecny (TBL) for Delaying the game (Minor) at 15:45
2nd period
2. St.Louis Blues , Robert Thomas 3 (Nick Leddy 1, Connor Hellebuyck) at 5:04
3. Tampa Bay Lightning , Anze Kopitar 2 (Kirill Kaprizov 3) at 6:09
4. Tampa Bay Lightning , Dylan Cozens 1 (Jason Dickinson 1) at 10:54
5. St.Louis Blues , Robert Thomas 4 (Jake Guentzel 1, Elias Pettersson 3) at 12:51 (PP)
Penalties :
Mikhail Sergachev (STL) for Cross-checking (Minor) at 2:57, Moritz Seider (TBL) for High sticking (Minor) at 12:05, Kirill Kaprizov (TBL) for Interference (Minor) at 18:31
3rd period
6. Tampa Bay Lightning , Travis Konecny 1 (Johnny Gaudreau 1, Anze Kopitar 4) at 2:42
7. St.Louis Blues , Elias Lindholm 1 (Tage Thompson 1, Mikhail Sergachev 1) at 9:33
8. St.Louis Blues , Jake Sanderson 1 (Robert Thomas 3, Jake Guentzel 2) at 14:15
Penalties :
Darnell Nurse (TBL) for High sticking (Minor) at 16:57
Goalie Stats
Connor Hellebuyck (STL), 32 saves from 35 shots - (0.914), W, 2-1-1, 60:00 minutes
Jeremy Swayman (TBL), 28 saves from 33 shots - (0.848), L, 2-2-0, 60:00 minutes
Players Stats for St.Louis Blues
Player Name G A P +/- PIM S H SB GA TA FO MP PP MP PK MP
------------------------------------------------------------------------------------
Alex Pietrangelo 0 0 0 0 0 2 0 1 0 2 0/0 23:49 2:34 0:00
Alex Tuch 1 0 1 1 0 3 2 0 0 0 0/0 16:42 1:55 0:00
Claude Giroux 0 1 1 1 0 3 0 2 0 0 5/8 19:56 4:48 0:00
Colton Parayko 0 0 0 0 0 0 3 2 0 1 0/0 21:33 0:00 0:55
Dakota Joshua 0 0 0 0 0 1 0 1 0 0 0/1 16:28 3:14 0:53
Elias Lindholm 1 0 1 0 0 6 1 0 0 0 6/13 16:37 3:14 0:58
Elias Pettersson 0 1 1 0 0 5 3 0 2 0 0/1 20:48 5:19 0:00
Jaccob Slavin 0 0 0 1 0 1 1 0 0 0 0/0 19:00 0:00 1:04
Jake Guentzel 0 2 2 0 0 2 2 0 1 0 1/2 20:55 5:15 0:00
Jake Sanderson 1 0 1 0 0 1 1 3 0 2 0/0 19:28 0:45 0:55
Lars Eller 0 0 0 0 0 0 2 0 0 1 2/3 8:43 0:27 1:01
Logan O'Connor 0 0 0 0 0 1 0 0 0 0 0/0 8:37 0:43 1:01
Mark Stone 0 1 1 1 0 3 0 0 0 0 0/0 17:19 2:19 0:00
Mikhail Sergachev 0 1 1 0 2 1 0 0 0 0 0/0 10:39 1:14 0:00
Nick Leddy 0 1 1 1 0 0 0 2 0 0 0/0 10:32 0:00 1:04
Robert Thomas 2 1 3 0 0 2 1 1 1 1 17/34 20:58 5:20 0:05
Tage Thompson 0 1 1 0 0 1 2 0 0 0 0/1 18:24 6:08 0:00
Yanni Gourde 0 0 0 0 0 1 1 0 0 0 0/0 7:32 0:15 0:00
Players Stats for Tampa Bay Lightning
Player Name G A P +/- PIM S H SB GA TA FO MP PP MP PK MP
------------------------------------------------------------------------------------
Alexander Kerfoot 0 0 0 0 0 2 1 0 0 1 0/1 11:07 0:00 4:25
Anze Kopitar 1 1 2 -1 0 3 1 0 1 1 13/21 20:14 0:54 0:00
Brent Burns 0 0 0 2 0 1 1 1 0 1 0/0 18:06 1:10 4:48
Darnell Nurse 0 0 0 -1 2 0 2 1 0 0 0/0 21:08 1:10 0:53
Dylan Cozens 1 0 1 0 0 3 0 0 0 0 2/6 12:22 0:00 4:25
Gustav Nyquist 0 0 0 0 0 2 0 0 0 0 0/0 7:29 1:05 0:00
Hampus Lindholm 0 0 0 -1 0 0 2 3 0 1 0/0 22:09 0:00 3:54
Jack Roslovic 0 0 0 0 0 0 0 0 0 0 0/0 6:24 0:00 0:00
Jason Dickinson 0 1 1 0 0 4 0 0 0 0 3/10 12:00 0:00 4:17
Johnny Gaudreau 0 1 1 0 0 3 1 1 0 0 0/0 16:39 1:05 0:00
Jonathan Huberdeau 0 0 0 -1 0 1 1 0 0 0 0/0 19:19 0:00 0:00
Kirill Kaprizov 0 1 1 -1 2 5 2 0 1 0 0/1 20:14 0:54 0:00
Michael Matheson 0 0 0 -2 0 0 1 1 1 0 0/0 23:11 0:49 3:54
Moritz Seider 0 0 0 -2 4 0 0 2 0 0 0/0 23:29 0:49 3:55
Roope Hintz 0 0 0 0 0 5 0 0 1 0 14/22 16:39 1:05 0:00
TJ Brodie 0 0 0 2 0 0 1 0 0 0 0/0 12:12 0:00 0:00
Travis Konecny 1 0 1 0 2 4 3 0 0 0 0/2 16:31 0:54 0:00
Trevor Moore 0 0 0 0 0 2 0 0 3 0 0/0 12:00 0:00 4:17
3 Stars
1 - Robert Thomas (STL)
2 - Alex Tuch (STL)
3 - Jake Sanderson (STL)
Power Play
St.Louis Blues - 1 on 5 Attempt(s) - 20.00%
Tampa Bay Lightning - 0 on 1 Attempt(s) - 0.00%
Penalty Kill
St.Louis Blues - 1 on 1 Attempt(s) - 100.00%
- Score 0 goal in Penalty Kill
Tampa Bay Lightning - 4 on 5 Attempt(s) - 80.00%
- Score 0 goal in Penalty Kill
Team Stat
St.Louis Blues - Hits : 19 - Faceoff Wins : 31 - Blocked Shots : 12 - Penalty Minutes : 2
Tampa Bay Lightning - Hits : 16 - Faceoff Wins : 32 - Blocked Shots : 9 - Penalty Minutes : 10
Official
Referees : Francois St Laurent and Morgan Macphee
Linesman : Derek Nansen and Travis Gawryletz
Game Notes
3:10 of 2nd period - Tampa Bay Lightning goal is going for a video replay. After video review, No Goal. The puck has been kicked using a distinct kicking motion.
Finance
Level 1 -- Attendance: 6000 (100.00%) -- Ticket Income $570,000
Level 2 -- Attendance: 4997 (99.94%) -- Ticket Income $274,835
Level 3 -- Attendance: 3000 (100.00%) -- Ticket Income $96,000
Level 4 -- Attendance: 5000 (100.00%) -- Ticket Income $110,000
Luxury Box -- Attendance: 1000 (100.00%) -- Ticket Income $193,000
Game was played at the Tampa Bay Times Forum.
Total Attendance: 19997 (99.99%)
Total Ticket Income: $1,243,835
Other Income: $435,342
Total Income: $1,679,177
St.Louis Blues
5 vs 5 Forward
Center Left Wing Right Wing Time % Phy DF OF
1 Robert Thomas Elias Pettersson Jake Guentzel 40 0 1 4
2 Claude Giroux Alex Tuch Mark Stone 30 0 2 3
3 Elias Lindholm Dakota Joshua Tage Thompson 25 0 3 2
4 Lars Eller Yanni Gourde Logan O'Connor 5 2 2 1
5 vs 5 Defense
Defense Defense Time % Phy DF OF
1 Colton Parayko Alex Pietrangelo 45 1 2 2
2 Jake Sanderson Jaccob Slavin 35 1 2 2
3 Mikhail Sergachev Nick Leddy 20 1 2 2
4 Alex Pietrangelo Colton Parayko 0 1 2 2
PowerPlay Forward
Center Left Wing Right Wing Time % Phy DF OF
1 Robert Thomas Elias Pettersson Jake Guentzel 60 1 0 4
2 Elias Lindholm Dakota Joshua Mark Stone 40 1 0 4
PowerPlay Defense
Defense Defense Time % Phy DF OF
1 Tage Thompson Claude Giroux 60 0 1 4
2 Alex Tuch Alex Pietrangelo 40 0 1 4
Penalty Kill 4 Players Forward
Center Wing Time % Phy DF OF
1 Lars Eller Logan O'Connor 50 1 4 0
2 Elias Lindholm Dakota Joshua 50 1 4 0
Penalty Kill 4 Players Defense
Defense Defense Time % Phy DF OF
1 Jake Sanderson Colton Parayko 50 1 4 0
2 Jaccob Slavin Nick Leddy 50 1 4 0
Penalty Kill - 3 Players Forward
Forward Time % Phy DF OF
1 Elias Lindholm 50 0 5 0
2 Lars Eller 50 0 5 0
Penalty Kill - 3 Players Defense
Defense Defense Time % Phy DF OF
1 Jake Sanderson Colton Parayko 50 0 5 0
2 Nick Leddy Jaccob Slavin 50 0 5 0
4 vs 4 Forward
Center Wing Time % Phy DF OF
1 Robert Thomas Elias Pettersson 50 0 2 3
2 Claude Giroux Jake Guentzel 50 0 2 3
4 vs 4 Defense
Defense Defense Time % Phy DF OF
1 Jake Sanderson Alex Pietrangelo 50 0 3 2
2 Colton Parayko Mikhail Sergachev 50 0 3 2
Last Minutes Offensive
Center Left Wing Right Wing Defense Defense
Robert Thomas Elias Pettersson Jake Guentzel Tage Thompson Claude Giroux
Last Minutes Defensive
Center Left Wing Right Wing Defense Defense
Lars Eller Logan O'Connor Elias Lindholm Jake Sanderson Colton Parayko
Goaltenders
Starting : Connor Hellebuyck
Backup : Scott Wedgewood
Extra Forwards
Normal : Robert Thomas, Mark Stone, Tage Thompson - PP : Mark Stone, Dakota Joshua - PK : Robert Thomas
Extra Defensemen
Normal : Jake Sanderson, Mikhail Sergachev, Colton Parayko - PP : Mikhail Sergachev - PK : Jaccob Slavin, Nick Leddy
Penalty Shots
Elias Pettersson, Tage Thompson, Alex Tuch, Robert Thomas, Jake Guentzel
Scratches
Jack Eichel (Lower Body Injury), Colin Blackwell (Healthy), Adam Pelech (Healthy)
Tampa Bay Lightning
5 vs 5 Forward
Center Left Wing Right Wing Time % Phy DF OF
1 Anze Kopitar Kirill Kaprizov Jonathan Huberdeau 40 0 2 3
2 Roope Hintz Johnny Gaudreau Travis Konecny 38 0 3 2
3 Jason Dickinson Dylan Cozens Trevor Moore 12 0 2 3
4 Alexander Kerfoot Jack Roslovic Gustav Nyquist 10 0 2 3
5 vs 5 Defense
Defense Defense Time % Phy DF OF
1 Moritz Seider Hampus Lindholm 40 1 2 2
2 Michael Matheson Darnell Nurse 35 1 2 2
3 Brent Burns TJ Brodie 25 1 2 2
4 Michael Matheson Brent Burns 0 1 2 2
PowerPlay Forward
Center Left Wing Right Wing Time % Phy DF OF
1 Roope Hintz Johnny Gaudreau Gustav Nyquist 50 1 2 2
2 Anze Kopitar Kirill Kaprizov Travis Konecny 50 1 2 2
PowerPlay Defense
Defense Defense Time % Phy DF OF
1 Michael Matheson Moritz Seider 50 1 2 2
2 Darnell Nurse Brent Burns 50 1 2 2
Penalty Kill 4 Players Forward
Center Wing Time % Phy DF OF
1 Jason Dickinson Trevor Moore 50 1 2 2
2 Dylan Cozens Alexander Kerfoot 50 1 2 2
Penalty Kill 4 Players Defense
Defense Defense Time % Phy DF OF
1 Moritz Seider Brent Burns 50 1 2 2
2 Michael Matheson Hampus Lindholm 50 1 2 2
Penalty Kill - 3 Players Forward
Forward Time % Phy DF OF
1 Anze Kopitar 50 1 2 2
2 Jason Dickinson 50 1 2 2
Penalty Kill - 3 Players Defense
Defense Defense Time % Phy DF OF
1 Michael Matheson Darnell Nurse 50 1 2 2
2 Moritz Seider Brent Burns 50 1 2 2
4 vs 4 Forward
Center Wing Time % Phy DF OF
1 Anze Kopitar Kirill Kaprizov 50 1 2 2
2 Dylan Cozens Travis Konecny 50 1 2 2
4 vs 4 Defense
Defense Defense Time % Phy DF OF
1 Michael Matheson Brent Burns 50 1 2 2
2 Moritz Seider Hampus Lindholm 50 1 2 2
Last Minutes Offensive
Center Left Wing Right Wing Defense Defense
Anze Kopitar Kirill Kaprizov Travis Konecny Michael Matheson Moritz Seider
Last Minutes Defensive
Center Left Wing Right Wing Defense Defense
Anze Kopitar Jason Dickinson Alexander Kerfoot Moritz Seider Michael Matheson
Goaltenders
Starting : Jeremy Swayman
Backup : Darcy Kuemper
Extra Forwards
Normal : Travis Konecny, Anze Kopitar, Trevor Moore - PP : Jonathan Huberdeau, Trevor Moore - PK : Anze Kopitar
Extra Defensemen
Normal : Brent Burns, Michael Matheson, Moritz Seider - PP : Hampus Lindholm - PK : Darnell Nurse, Michael Matheson
Penalty Shots
Trevor Moore, Gustav Nyquist, Alexander Kerfoot, Anze Kopitar, Jonathan Huberdeau
Scratches
None
% Time on Ice - St.Louis Blues
Lines # - Real PCT - Wanted PCT - Time Play
Normal Forward
1 - 31% - 40% - 15:29
2 - 33% - 30% - 16:08
3 - 23% - 25% - 11:29
4 - 13% - 5% - 6:13
Normal Defense
1 - 44% - 45% - 21:48
2 - 38% - 35% - 18:33
3 - 18% - 20% - 8:58
4 - 0% - 0% - 0:00
PP Forward
1 - 63% - 60% - 5:28
2 - 37% - 40% - 3:14
PP Defense
1 - 70% - 60% - 6:08
2 - 30% - 40% - 2:34
PK Forward
1 - 51% - 50% - 1:01
2 - 49% - 50% - 0:58
PK Defense
1 - 46% - 50% - 0:55
2 - 54% - 50% - 1:04
PK3 Forward
1 - 0% - 50%
2 - 0% - 50%
PK3 Defense
1 - 0% - 50%
2 - 0% - 50%
44 Forward
1 - 0% - 50%
2 - 0% - 50%
44 Defense
1 - 0% - 50%
2 - 0% - 50%
Last Minute Offensive - 0:00
Last Minute Defensive - 0:00
Total
Forward - 60:00
Defense - 60:00
|
% Time on Ice - Tampa Bay Lightning
Lines # - Real PCT - Wanted PCT - Time Play
Normal Forward
1 - 39% - 40% - 19:23
2 - 32% - 38% - 15:53
3 - 16% - 12% - 7:39
4 - 13% - 10% - 6:24
Normal Defense
1 - 39% - 40% - 19:19
2 - 38% - 35% - 18:37
3 - 23% - 25% - 11:23
4 - 0% - 0% - 0:00
PP Forward
1 - 55% - 50% - 1:05
2 - 45% - 50% - 0:54
PP Defense
1 - 41% - 50% - 0:49
2 - 59% - 50% - 1:10
PK Forward
1 - 49% - 50% - 4:17
2 - 51% - 50% - 4:25
PK Defense
1 - 55% - 50% - 4:48
2 - 45% - 50% - 3:54
PK3 Forward
1 - 0% - 50%
2 - 0% - 50%
PK3 Defense
1 - 0% - 50%
2 - 0% - 50%
44 Forward
1 - 0% - 50%
2 - 0% - 50%
44 Defense
1 - 0% - 50%
2 - 0% - 50%
Last Minute Offensive - 0:00
Last Minute Defensive - 0:00
Total
Forward - 60:00
Defense - 60:00
|
Play-by-Play
1st period
0:01 of 1st period - Jake Guentzel wins face-off versus Anze Kopitar in neutral zone.
0:26 of 1st period - Colton Parayko is hit by Travis Konecny and loses puck.
0:33 of 1st period - Slapshot by Roope Hintz.
0:33 of 1st period - Stopped by Connor Hellebuyck without a rebound.
0:34 of 1st period - Elias Lindholm wins face-off versus Dylan Cozens in St.Louis Blues zone.
0:39 of 1st period - Wrist shot by Dakota Joshua.
0:39 of 1st period - Stopped by Jeremy Swayman with a rebound.
1:01 of 1st period - Michael Matheson is hit by Yanni Gourde and loses puck.
1:26 of 1st period - Snap shot by Claude Giroux.
1:26 of 1st period - Stopped by Jeremy Swayman with a rebound.
1:44 of 1st period - Anze Kopitar is hit by Jake Guentzel and loses puck.
2:15 of 1st period - Johnny Gaudreau is hit by Jaccob Slavin and loses puck.
2:37 of 1st period - Slapshot by Trevor Moore.
2:37 of 1st period - Shot Misses the Net.
2:50 of 1st period - Minor Penalty to Moritz Seider for Slashing.
2:51 of 1st period - Jason Dickinson wins face-off versus Robert Thomas in Tampa Bay Lightning zone.
2:51 of 1st period - Jason Dickinson is hit by Tage Thompson.
3:49 of 1st period - Icing by Mark Stone.
3:50 of 1st period - Elias Lindholm wins face-off versus Jason Dickinson in St.Louis Blues zone.
3:59 of 1st period - Snap shot by Jake Guentzel.
3:59 of 1st period - Shot Misses the Net.
4:01 of 1st period - Slapshot by Alex Tuch.
4:01 of 1st period - Stopped by Jeremy Swayman with a rebound.
4:50 of 1st period - Penalty to Moritz Seider is over, Moritz Seider is back on ice.
5:05 of 1st period - Slapshot by Alex Pietrangelo.
5:05 of 1st period - Stopped by Jeremy Swayman without a rebound.
5:06 of 1st period - Claude Giroux wins face-off versus Anze Kopitar in Tampa Bay Lightning zone.
5:39 of 1st period - Slapshot by Roope Hintz.
5:39 of 1st period - Shot Misses the Net.
5:59 of 1st period - Wrist shot by Gustav Nyquist.
5:59 of 1st period - Shot Blocked by Jake Sanderson.
6:01 of 1st period - Wrist shot by Alexander Kerfoot.
6:01 of 1st period - Shot Misses the Net.
6:03 of 1st period - Snap shot by Gustav Nyquist.
6:03 of 1st period - Stopped by Connor Hellebuyck without a rebound.
6:04 of 1st period - Anze Kopitar wins face-off versus Robert Thomas in St.Louis Blues zone.
6:09 of 1st period - Wrist shot by Anze Kopitar.
6:09 of 1st period - Stopped by Connor Hellebuyck with a rebound.
6:38 of 1st period - Snap shot by Roope Hintz.
6:38 of 1st period - Deflect By Travis Konecny.
6:38 of 1st period - Shot Misses the Net.
6:38 of 1st period - Puck is out of play.
6:39 of 1st period - Roope Hintz wins face-off versus Robert Thomas in St.Louis Blues zone.
6:42 of 1st period - Slapshot by Johnny Gaudreau.
6:42 of 1st period - Stopped by Connor Hellebuyck without a rebound.
6:43 of 1st period - Robert Thomas wins face-off versus Roope Hintz in St.Louis Blues zone.
6:45 of 1st period - Icing by Elias Pettersson.
6:46 of 1st period - Roope Hintz wins face-off versus Robert Thomas in St.Louis Blues zone.
6:53 of 1st period - Snap shot by Travis Konecny.
6:53 of 1st period - Shot Hit the Post.
7:27 of 1st period - Travis Konecny is hit by Jake Guentzel and loses puck.
7:38 of 1st period - Snap shot by Johnny Gaudreau.
7:38 of 1st period - Shot Blocked by Colton Parayko.
7:46 of 1st period - Wrist shot by Roope Hintz.
7:46 of 1st period - Shot Misses the Net.
7:50 of 1st period - Snap shot by Travis Konecny.
7:50 of 1st period - Stopped by Connor Hellebuyck with a rebound.
7:58 of 1st period - Backhand shot by Johnny Gaudreau.
7:58 of 1st period - Shot Misses the Net.
8:00 of 1st period - Snap shot by TJ Brodie.
8:00 of 1st period - Shot Misses the Net.
8:02 of 1st period - Wrist shot by Travis Konecny.
8:02 of 1st period - Shot Hit the Post.
8:04 of 1st period - Snap shot by Travis Konecny.
8:04 of 1st period - Stopped by Connor Hellebuyck with a rebound.
8:06 of 1st period - Snap shot by Travis Konecny.
8:06 of 1st period - Deflect By Elias Pettersson.
8:06 of 1st period - Shot Blocked by Robert Thomas.
8:06 of 1st period - Puck is out of play.
8:07 of 1st period - Claude Giroux wins face-off versus Anze Kopitar in St.Louis Blues zone.
8:20 of 1st period - Snap shot by Alex Tuch.
8:20 of 1st period - Goal by Alex Tuch - St.Louis Blues : 1 - Tampa Bay Lightning : 0.
8:21 of 1st period - Anze Kopitar wins face-off versus Tage Thompson in neutral zone.
8:31 of 1st period - Wrist shot by Tage Thompson.
8:31 of 1st period - Stopped by Jeremy Swayman without a rebound.
8:32 of 1st period - Claude Giroux wins face-off versus Anze Kopitar in Tampa Bay Lightning zone.
8:55 of 1st period - Jaccob Slavin is hit by Kirill Kaprizov and loses puck.
10:03 of 1st period - Mark Stone is hit by Darnell Nurse and loses puck.
10:09 of 1st period - Jake Sanderson is hit by Michael Matheson.
10:58 of 1st period - Snap shot by Claude Giroux.
10:58 of 1st period - Stopped by Jeremy Swayman with a rebound.
11:00 of 1st period - Slapshot by Jaccob Slavin.
11:00 of 1st period - Stopped by Jeremy Swayman with a rebound.
11:20 of 1st period - Snap shot by Kirill Kaprizov.
11:20 of 1st period - Shot Misses the Net.
12:27 of 1st period - Off-side.
12:28 of 1st period - Robert Thomas wins face-off versus Roope Hintz in neutral zone.
12:31 of 1st period - Moritz Seider is hit by Elias Pettersson.
12:35 of 1st period - Elias Pettersson is hit by Hampus Lindholm and loses puck.
13:01 of 1st period - Snap shot by Roope Hintz.
13:01 of 1st period - Shot Misses the Net.
13:27 of 1st period - Gustav Nyquist is hit by Lars Eller and loses puck.
13:45 of 1st period - Off-side.
13:46 of 1st period - Elias Lindholm wins face-off versus Dylan Cozens in neutral zone.
13:53 of 1st period - Snap shot by Trevor Moore.
13:53 of 1st period - Shot Blocked by Nick Leddy.
13:55 of 1st period - Slapshot by Hampus Lindholm.
13:55 of 1st period - Shot Blocked by Dakota Joshua.
13:57 of 1st period - Snap shot by Dylan Cozens.
13:57 of 1st period - Deflect By Jason Dickinson.
13:57 of 1st period - Stopped by Connor Hellebuyck with a rebound.
14:41 of 1st period - Wrist shot by Alexander Kerfoot.
14:41 of 1st period - Stopped by Connor Hellebuyck with a rebound.
14:52 of 1st period - Icing by Colton Parayko.
14:53 of 1st period - Lars Eller wins face-off versus Jason Dickinson in St.Louis Blues zone.
15:25 of 1st period - Jack Roslovic is hit by Colton Parayko and loses puck.
15:45 of 1st period - Minor Penalty to Travis Konecny for Delaying the game.
15:46 of 1st period - Dylan Cozens wins face-off versus Robert Thomas in Tampa Bay Lightning zone.
17:30 of 1st period - Brent Burns is hit by Elias Lindholm and loses puck.
17:45 of 1st period - Penalty to Travis Konecny is over, Travis Konecny is back on ice.
18:32 of 1st period - Michael Matheson is hit by Elias Pettersson and loses puck.
18:49 of 1st period - Dakota Joshua is hit by Anze Kopitar and loses puck.
19:00 of 1st period - Elias Lindholm is hit by Hampus Lindholm and loses puck.
Goals for this period are 1 for St.Louis Blues vs 0 for Tampa Bay Lightning.
Shots for this period are 8 for St.Louis Blues vs 8 for Tampa Bay Lightning.
2nd period
0:01 of 2nd period - Roope Hintz wins face-off versus Robert Thomas in neutral zone.
0:36 of 2nd period - Snap shot by Elias Lindholm.
0:36 of 2nd period - Stopped by Jeremy Swayman with a rebound.
0:38 of 2nd period - Wrist shot by Dakota Joshua.
0:38 of 2nd period - Shot Misses the Net.
0:52 of 2nd period - Wrist shot by Trevor Moore.
0:52 of 2nd period - Deflect By Jason Dickinson.
0:52 of 2nd period - Shot Blocked by Claude Giroux.
0:52 of 2nd period - Puck is out of play.
0:53 of 2nd period - Robert Thomas wins face-off versus Jason Dickinson in St.Louis Blues zone.
1:21 of 2nd period - Wrist shot by Dylan Cozens.
1:21 of 2nd period - Stopped by Connor Hellebuyck without a rebound.
1:22 of 2nd period - Elias Lindholm wins face-off versus Roope Hintz in St.Louis Blues zone.
1:30 of 2nd period - Off-side.
1:31 of 2nd period - Roope Hintz wins face-off versus Elias Lindholm in neutral zone.
1:34 of 2nd period - Wrist shot by Johnny Gaudreau.
1:34 of 2nd period - Deflect By Travis Konecny.
1:34 of 2nd period - Shot Misses the Net.
1:34 of 2nd period - Puck is out of play.
1:35 of 2nd period - Robert Thomas wins face-off versus Roope Hintz in St.Louis Blues zone.
1:48 of 2nd period - Wrist shot by Johnny Gaudreau.
1:48 of 2nd period - Shot Misses the Net.
1:50 of 2nd period - Snap shot by Roope Hintz.
1:50 of 2nd period - Stopped by Connor Hellebuyck with a rebound.
2:02 of 2nd period - Hampus Lindholm is hit by Colton Parayko.
2:25 of 2nd period - Jack Roslovic is hit by Alex Tuch and loses puck.
2:42 of 2nd period - Wrist shot by Johnny Gaudreau.
2:42 of 2nd period - Deflect By Roope Hintz.
2:42 of 2nd period - Stopped by Connor Hellebuyck without a rebound.
2:43 of 2nd period - Roope Hintz wins face-off versus Robert Thomas in St.Louis Blues zone.
2:57 of 2nd period - Minor Penalty to Mikhail Sergachev for Cross-checking.
2:58 of 2nd period - Roope Hintz wins face-off versus Lars Eller in St.Louis Blues zone.
3:08 of 2nd period - Wrist shot by Gustav Nyquist.
3:08 of 2nd period - Shot Misses the Net.
3:10 of 2nd period - Slapshot by Gustav Nyquist.
3:10 of 2nd period - Tampa Bay Lightning goal is going for a video replay.
3:10 of 2nd period - The goal is refused. The puck has been kicked using a distinct kicking motion..
3:11 of 2nd period - Anze Kopitar wins face-off versus Elias Lindholm in St.Louis Blues zone.
4:57 of 2nd period - Penalty to Mikhail Sergachev is over, Mikhail Sergachev is back on ice.
5:04 of 2nd period - Wrist shot by Robert Thomas.
5:04 of 2nd period - Goal by Robert Thomas - St.Louis Blues : 2 - Tampa Bay Lightning : 0.
5:05 of 2nd period - Anze Kopitar wins face-off versus Elias Pettersson in neutral zone.
5:55 of 2nd period - Snap shot by Jason Dickinson.
5:55 of 2nd period - Stopped by Connor Hellebuyck with a rebound.
5:57 of 2nd period - Snap shot by Dylan Cozens.
5:57 of 2nd period - Shot Misses the Net.
5:59 of 2nd period - Snap shot by Brent Burns.
5:59 of 2nd period - Shot Blocked by Jake Sanderson.
6:01 of 2nd period - Backhand shot by Trevor Moore.
6:01 of 2nd period - Deflect By Jake Sanderson.
6:01 of 2nd period - Stopped by Connor Hellebuyck with a rebound.
6:03 of 2nd period - Slapshot by Brent Burns.
6:03 of 2nd period - Stopped by Connor Hellebuyck without a rebound.
6:04 of 2nd period - Anze Kopitar wins face-off versus Robert Thomas in St.Louis Blues zone.
6:09 of 2nd period - Wrist shot by Anze Kopitar.
6:09 of 2nd period - Goal by Anze Kopitar - St.Louis Blues : 2 - Tampa Bay Lightning : 1.
6:10 of 2nd period - Roope Hintz wins face-off versus Robert Thomas in neutral zone.
6:15 of 2nd period - Slapshot by Travis Konecny.
6:15 of 2nd period - Shot Misses the Net.
6:17 of 2nd period - Wrist shot by Johnny Gaudreau.
6:17 of 2nd period - Stopped by Connor Hellebuyck with a rebound.
6:37 of 2nd period - Kirill Kaprizov is hit by Colton Parayko and loses puck.
6:48 of 2nd period - Snap shot by Elias Lindholm.
6:48 of 2nd period - Stopped by Jeremy Swayman without a rebound.
6:49 of 2nd period - Roope Hintz wins face-off versus Claude Giroux in Tampa Bay Lightning zone.
6:58 of 2nd period - Slapshot by Claude Giroux.
6:58 of 2nd period - Shot Blocked by Darnell Nurse.
7:00 of 2nd period - Wrist shot by Claude Giroux.
7:00 of 2nd period - Deflect By Alex Tuch.
7:00 of 2nd period - Stopped by Jeremy Swayman without a rebound.
7:01 of 2nd period - Anze Kopitar wins face-off versus Robert Thomas in Tampa Bay Lightning zone.
7:53 of 2nd period - Snap shot by Gustav Nyquist.
7:53 of 2nd period - Shot Blocked by Claude Giroux.
8:36 of 2nd period - Darnell Nurse is hit by Lars Eller and loses puck.
8:51 of 2nd period - Michael Matheson is hit by Tage Thompson and loses puck.
9:14 of 2nd period - Wrist shot by Elias Pettersson.
9:14 of 2nd period - Stopped by Jeremy Swayman with a rebound.
9:16 of 2nd period - Snap shot by Elias Pettersson.
9:16 of 2nd period - Stopped by Jeremy Swayman with a rebound.
9:20 of 2nd period - Slapshot by Elias Pettersson.
9:20 of 2nd period - Shot Misses the Net.
9:22 of 2nd period - Slapshot by Jaccob Slavin.
9:22 of 2nd period - Shot Misses the Net.
9:40 of 2nd period - Slapshot by Mark Stone.
9:40 of 2nd period - Shot Misses the Net.
9:55 of 2nd period - Icing by Tage Thompson.
9:56 of 2nd period - Anze Kopitar wins face-off versus Dakota Joshua in St.Louis Blues zone.
9:57 of 2nd period - Wrist shot by Kirill Kaprizov.
9:57 of 2nd period - Shot Misses the Net.
10:09 of 2nd period - Snap shot by Anze Kopitar.
10:09 of 2nd period - Shot Misses the Net.
10:11 of 2nd period - Slapshot by Moritz Seider.
10:11 of 2nd period - Shot Misses the Net.
10:19 of 2nd period - Wrist shot by Kirill Kaprizov.
10:19 of 2nd period - Stopped by Connor Hellebuyck with a rebound.
10:23 of 2nd period - Wrist shot by Kirill Kaprizov.
10:23 of 2nd period - Stopped by Connor Hellebuyck without a rebound.
10:24 of 2nd period - Robert Thomas wins face-off versus Roope Hintz in St.Louis Blues zone.
10:39 of 2nd period - Snap shot by Johnny Gaudreau.
10:39 of 2nd period - Stopped by Connor Hellebuyck with a rebound.
10:41 of 2nd period - Snap shot by Travis Konecny.
10:41 of 2nd period - Shot Blocked by Jake Sanderson.
10:50 of 2nd period - Icing by Jake Guentzel.
10:51 of 2nd period - Jason Dickinson wins face-off versus Claude Giroux in St.Louis Blues zone.
10:54 of 2nd period - Snap shot by Dylan Cozens.
10:54 of 2nd period - Goal by Dylan Cozens - St.Louis Blues : 2 - Tampa Bay Lightning : 2.
10:55 of 2nd period - Robert Thomas wins face-off versus Anze Kopitar in neutral zone.
11:27 of 2nd period - Slapshot by Elias Lindholm.
11:27 of 2nd period - Shot Misses the Net.
11:29 of 2nd period - Slapshot by Alex Pietrangelo.
11:29 of 2nd period - Stopped by Jeremy Swayman without a rebound.
11:30 of 2nd period - Roope Hintz wins face-off versus Elias Lindholm in Tampa Bay Lightning zone.
12:05 of 2nd period - Minor Penalty to Moritz Seider for High sticking.
12:06 of 2nd period - Robert Thomas wins face-off versus Dylan Cozens in Tampa Bay Lightning zone.
12:09 of 2nd period - Snap shot by Robert Thomas.
12:09 of 2nd period - Shot Misses the Net.
12:11 of 2nd period - Slapshot by Claude Giroux.
12:11 of 2nd period - Stopped by Jeremy Swayman with a rebound.
12:13 of 2nd period - Snap shot by Jake Guentzel.
12:13 of 2nd period - Shot Hit the Post.
12:15 of 2nd period - Slapshot by Elias Pettersson.
12:15 of 2nd period - Stopped by Jeremy Swayman without a rebound.
12:16 of 2nd period - Robert Thomas wins face-off versus Dylan Cozens in Tampa Bay Lightning zone.
12:29 of 2nd period - Snap shot by Jake Guentzel.
12:29 of 2nd period - Shot Misses the Net.
12:31 of 2nd period - Slapshot by Tage Thompson.
12:31 of 2nd period - Shot Blocked by Hampus Lindholm.
12:33 of 2nd period - Slapshot by Tage Thompson.
12:33 of 2nd period - Shot Blocked by Michael Matheson.
12:51 of 2nd period - Snap shot by Robert Thomas.
12:51 of 2nd period - Goal by Robert Thomas - St.Louis Blues : 3 - Tampa Bay Lightning : 2.
12:52 of 2nd period - Elias Lindholm wins face-off versus Anze Kopitar in neutral zone.
12:57 of 2nd period - Snap shot by Elias Lindholm.
12:57 of 2nd period - Stopped by Jeremy Swayman without a rebound.
12:58 of 2nd period - Anze Kopitar wins face-off versus Elias Lindholm in Tampa Bay Lightning zone.
13:07 of 2nd period - Wrist shot by Elias Lindholm.
13:07 of 2nd period - Deflect By Kirill Kaprizov.
13:07 of 2nd period - Stopped by Jeremy Swayman without a rebound.
13:08 of 2nd period - Anze Kopitar wins face-off versus Jake Guentzel in Tampa Bay Lightning zone.
13:35 of 2nd period - Moritz Seider is hit by Alex Tuch and loses puck.
13:46 of 2nd period - Snap shot by Claude Giroux.
13:46 of 2nd period - Shot Misses the Net.
14:44 of 2nd period - Snap shot by Elias Pettersson.
14:44 of 2nd period - Shot Blocked by Brent Burns.
14:50 of 2nd period - Slapshot by Elias Pettersson.
14:50 of 2nd period - Deflect By Robert Thomas.
14:50 of 2nd period - Shot Misses the Net.
14:50 of 2nd period - Puck is out of play.
14:51 of 2nd period - Claude Giroux wins face-off versus Roope Hintz in Tampa Bay Lightning zone.
15:24 of 2nd period - Snap shot by Jonathan Huberdeau.
15:24 of 2nd period - Stopped by Connor Hellebuyck with a rebound.
15:26 of 2nd period - Wrist shot by Hampus Lindholm.
15:26 of 2nd period - Shot Blocked by Alex Pietrangelo.
15:28 of 2nd period - Wrist shot by Kirill Kaprizov.
15:28 of 2nd period - Stopped by Connor Hellebuyck without a rebound.
15:29 of 2nd period - Roope Hintz wins face-off versus Elias Lindholm in St.Louis Blues zone.
15:30 of 2nd period - Snap shot by Travis Konecny.
15:30 of 2nd period - Shot Blocked by Nick Leddy.
15:38 of 2nd period - Wrist shot by Elias Lindholm.
15:38 of 2nd period - Shot Misses the Net.
17:46 of 2nd period - Slapshot by Dylan Cozens.
17:46 of 2nd period - Deflect By Jason Dickinson.
17:46 of 2nd period - Stopped by Connor Hellebuyck without a rebound.
17:47 of 2nd period - Roope Hintz wins face-off versus Claude Giroux in St.Louis Blues zone.
18:18 of 2nd period - Slapshot by Kirill Kaprizov.
18:18 of 2nd period - Stopped by Connor Hellebuyck without a rebound.
18:19 of 2nd period - Anze Kopitar wins face-off versus Elias Lindholm in St.Louis Blues zone.
18:22 of 2nd period - Wrist shot by Kirill Kaprizov.
18:22 of 2nd period - Deflect By Anze Kopitar.
18:22 of 2nd period - Shot Misses the Net.
18:22 of 2nd period - Puck is out of play.
18:23 of 2nd period - Elias Lindholm wins face-off versus Kirill Kaprizov in St.Louis Blues zone.
18:31 of 2nd period - Minor Penalty to Kirill Kaprizov for Interference.
18:32 of 2nd period - Robert Thomas wins face-off versus Jason Dickinson in Tampa Bay Lightning zone.
19:06 of 2nd period - Off-side.
19:07 of 2nd period - Dylan Cozens wins face-off versus Robert Thomas in neutral zone.
19:14 of 2nd period - Wrist shot by Alexander Kerfoot.
19:14 of 2nd period - Stopped by Connor Hellebuyck with a rebound.
19:36 of 2nd period - Off-side.
19:37 of 2nd period - Robert Thomas wins face-off versus Jason Dickinson in neutral zone.
Goals for this period are 2 for St.Louis Blues vs 2 for Tampa Bay Lightning.
Shots for this period are 12 for St.Louis Blues vs 18 for Tampa Bay Lightning.
3rd period
0:01 of 3rd period - Jason Dickinson wins face-off versus Robert Thomas in neutral zone.
0:31 of 3rd period - Penalty to Kirill Kaprizov is over, Kirill Kaprizov is back on ice.
1:11 of 3rd period - Tage Thompson is hit by Travis Konecny and loses puck.
1:16 of 3rd period - Slapshot by Roope Hintz.
1:16 of 3rd period - Stopped by Connor Hellebuyck without a rebound.
1:17 of 3rd period - Anze Kopitar wins face-off versus Robert Thomas in St.Louis Blues zone.
1:34 of 3rd period - Snap shot by Robert Thomas.
1:34 of 3rd period - Shot Misses the Net.
2:36 of 3rd period - Wrist shot by Travis Konecny.
2:36 of 3rd period - Shot Misses the Net.
2:38 of 3rd period - Wrist shot by Travis Konecny.
2:38 of 3rd period - Stopped by Connor Hellebuyck with a rebound.
2:42 of 3rd period - Slapshot by Travis Konecny.
2:42 of 3rd period - Goal by Travis Konecny - St.Louis Blues : 3 - Tampa Bay Lightning : 3.
2:43 of 3rd period - Robert Thomas wins face-off versus Anze Kopitar in neutral zone.
2:46 of 3rd period - Slapshot by Jake Guentzel.
2:46 of 3rd period - Shot Misses the Net.
3:20 of 3rd period - Wrist shot by Jake Sanderson.
3:20 of 3rd period - Shot Misses the Net.
3:47 of 3rd period - Slapshot by Michael Matheson.
3:47 of 3rd period - Shot Misses the Net.
3:49 of 3rd period - Snap shot by Dylan Cozens.
3:49 of 3rd period - Stopped by Connor Hellebuyck without a rebound.
3:50 of 3rd period - Robert Thomas wins face-off versus Anze Kopitar in St.Louis Blues zone.
3:50 of 3rd period - Robert Thomas is hit by Jonathan Huberdeau.
4:00 of 3rd period - Wrist shot by Kirill Kaprizov.
4:00 of 3rd period - Stopped by Connor Hellebuyck with a rebound.
4:02 of 3rd period - Slapshot by Moritz Seider.
4:02 of 3rd period - Shot Misses the Net.
4:18 of 3rd period - Icing by Johnny Gaudreau.
4:19 of 3rd period - Claude Giroux wins face-off versus Roope Hintz in Tampa Bay Lightning zone.
4:32 of 3rd period - Wrist shot by Roope Hintz.
4:32 of 3rd period - Stopped by Connor Hellebuyck without a rebound.
4:33 of 3rd period - Anze Kopitar wins face-off versus Robert Thomas in St.Louis Blues zone.
5:00 of 3rd period - Dakota Joshua is hit by Johnny Gaudreau and loses puck.
5:23 of 3rd period - Snap shot by Mark Stone.
5:23 of 3rd period - Stopped by Jeremy Swayman with a rebound.
5:29 of 3rd period - Claude Giroux is hit by Alexander Kerfoot and loses puck.
6:32 of 3rd period - Slapshot by Mark Stone.
6:32 of 3rd period - Shot Misses the Net.
7:00 of 3rd period - Snap shot by Alexander Kerfoot.
7:00 of 3rd period - Shot Misses the Net.
7:33 of 3rd period - Slapshot by Mikhail Sergachev.
7:33 of 3rd period - Stopped by Jeremy Swayman with a rebound.
7:41 of 3rd period - Wrist shot by Yanni Gourde.
7:41 of 3rd period - Stopped by Jeremy Swayman without a rebound.
7:42 of 3rd period - Robert Thomas wins face-off versus Travis Konecny in Tampa Bay Lightning zone.
7:43 of 3rd period - Snap shot by Elias Pettersson.
7:43 of 3rd period - Shot Blocked by Moritz Seider.
8:10 of 3rd period - Icing by Elias Lindholm.
8:11 of 3rd period - Anze Kopitar wins face-off versus Elias Lindholm in St.Louis Blues zone.
8:34 of 3rd period - Snap shot by Anze Kopitar.
8:34 of 3rd period - Stopped by Connor Hellebuyck with a rebound.
8:48 of 3rd period - Wrist shot by Tage Thompson.
8:48 of 3rd period - Shot Misses the Net.
8:50 of 3rd period - Slapshot by Tage Thompson.
8:50 of 3rd period - Deflect By Elias Lindholm.
8:50 of 3rd period - Stopped by Jeremy Swayman with a rebound.
8:52 of 3rd period - Snap shot by Tage Thompson.
8:52 of 3rd period - Shot Misses the Net.
9:02 of 3rd period - Slapshot by Elias Lindholm.
9:02 of 3rd period - Shot Misses the Net.
9:06 of 3rd period - Slapshot by Elias Lindholm.
9:06 of 3rd period - Shot Blocked by Hampus Lindholm.
9:08 of 3rd period - Snap shot by Tage Thompson.
9:08 of 3rd period - Shot Misses the Net.
9:33 of 3rd period - Wrist shot by Elias Lindholm.
9:33 of 3rd period - Goal by Elias Lindholm - St.Louis Blues : 4 - Tampa Bay Lightning : 3.
9:34 of 3rd period - Roope Hintz wins face-off versus Robert Thomas in neutral zone.
10:22 of 3rd period - Snap shot by Trevor Moore.
10:22 of 3rd period - Stopped by Connor Hellebuyck with a rebound.
10:28 of 3rd period - Snap shot by Trevor Moore.
10:28 of 3rd period - Shot Misses the Net.
10:30 of 3rd period - Snap shot by Jason Dickinson.
10:30 of 3rd period - Stopped by Connor Hellebuyck with a rebound.
12:34 of 3rd period - Colton Parayko is hit by Kirill Kaprizov and loses puck.
12:57 of 3rd period - Snap shot by Mark Stone.
12:57 of 3rd period - Stopped by Jeremy Swayman with a rebound.
13:09 of 3rd period - Wrist shot by Anze Kopitar.
13:09 of 3rd period - Shot Misses the Net.
13:11 of 3rd period - Snap shot by Kirill Kaprizov.
13:11 of 3rd period - Shot Blocked by Colton Parayko.
13:51 of 3rd period - Wrist shot by Mark Stone.
13:51 of 3rd period - Stopped by Jeremy Swayman without a rebound.
13:52 of 3rd period - Robert Thomas wins face-off versus Travis Konecny in Tampa Bay Lightning zone.
13:53 of 3rd period - Wrist shot by Elias Pettersson.
13:53 of 3rd period - Stopped by Jeremy Swayman with a rebound.
13:55 of 3rd period - Wrist shot by Jake Guentzel.
13:55 of 3rd period - Deflect By Johnny Gaudreau.
13:55 of 3rd period - Shot Misses the Net.
13:55 of 3rd period - Puck is out of play.
13:56 of 3rd period - Robert Thomas wins face-off versus Roope Hintz in Tampa Bay Lightning zone.
13:57 of 3rd period - Wrist shot by Elias Pettersson.
13:57 of 3rd period - Stopped by Jeremy Swayman without a rebound.
13:58 of 3rd period - Roope Hintz wins face-off versus Robert Thomas in Tampa Bay Lightning zone.
14:07 of 3rd period - Snap shot by Jake Guentzel.
14:07 of 3rd period - Stopped by Jeremy Swayman with a rebound.
14:09 of 3rd period - Wrist shot by Jake Guentzel.
14:09 of 3rd period - Shot Blocked by Johnny Gaudreau.
14:11 of 3rd period - Wrist shot by Jake Guentzel.
14:11 of 3rd period - Shot Misses the Net.
14:13 of 3rd period - Snap shot by Robert Thomas.
14:13 of 3rd period - Shot Blocked by Hampus Lindholm.
14:15 of 3rd period - Slapshot by Jake Sanderson.
14:15 of 3rd period - Goal by Jake Sanderson - St.Louis Blues : 5 - Tampa Bay Lightning : 3.
14:16 of 3rd period - Roope Hintz wins face-off versus Robert Thomas in neutral zone.
14:33 of 3rd period - Roope Hintz is hit by Elias Pettersson and loses puck.
14:44 of 3rd period - Snap shot by Logan O'Connor.
14:44 of 3rd period - Stopped by Jeremy Swayman without a rebound.
14:45 of 3rd period - Lars Eller wins face-off versus Alexander Kerfoot in Tampa Bay Lightning zone.
15:03 of 3rd period - Yanni Gourde is hit by Brent Burns and loses puck.
15:18 of 3rd period - Slapshot by Trevor Moore.
15:18 of 3rd period - Shot Misses the Net.
15:56 of 3rd period - Jake Sanderson is hit by Travis Konecny and loses puck.
16:19 of 3rd period - Gustav Nyquist is hit by Jake Sanderson and loses puck.
16:57 of 3rd period - Minor Penalty to Darnell Nurse for High sticking.
16:58 of 3rd period - Robert Thomas wins face-off versus Jason Dickinson in Tampa Bay Lightning zone.
16:59 of 3rd period - Snap shot by Jake Guentzel.
16:59 of 3rd period - Stopped by Jeremy Swayman without a rebound.
17:00 of 3rd period - Robert Thomas wins face-off versus Jason Dickinson in Tampa Bay Lightning zone.
17:17 of 3rd period - Slapshot by Jake Guentzel.
17:17 of 3rd period - Shot Blocked by Moritz Seider.
18:25 of 3rd period - Michael Matheson is hit by Robert Thomas and loses puck.
18:57 of 3rd period - Penalty to Darnell Nurse is over, Darnell Nurse is back on ice.
19:16 of 3rd period - Alex Tuch is hit by Darnell Nurse and loses puck.
19:36 of 3rd period - Logan O'Connor is hit by TJ Brodie and loses puck.
Goals for this period are 2 for St.Louis Blues vs 1 for Tampa Bay Lightning.
Shots for this period are 13 for St.Louis Blues vs 9 for Tampa Bay Lightning.
Back to the Top